 Dungeon Crawl Stone Soup version bcrawl-1.37.2 (webtiles) character file.

Game seed: 14907878455389512818

224565 Coyote68 the Slasher (level 8, -1/61 HPs)
             Began as a Human Fighter on Dec 24, 2022.
             Was a Believer of Zin.
             Slain by a troll (8 damage)
             ... on level 5 of the Dungeon.
             The game lasted 00:22:16 (4875 turns).

Coyote68 the Slasher (Human Fighter)                Turns: 4875, Time: 00:22:17

Health: -1/61      AC: 11    Str: 20    XL:     8   Next: 55%
Magic:  8/8        EV:  7    Int:  8    God:    Zin [**....]
Gold:   342        SH: 11    Dex: 12    Spells: 7/7 levels left

rFire    . . .     GDR:     29% a - +0 long sword
rCold    . . .     SeeInvis .   c - +0 medium shield
rNeg     + . .     Gourm    .   b - +0 scale mail
rPois    .         Faith    .   (no helmet)
rElec    .         Spirit   .   g - +1 cloak
rCorr    .         Reflect  .   j - +0 pair of gloves
MR       .....                  (no boots)
Stlth    ..........             m - amulet of regeneration
HPRegen  0.44/turn              r - ring of positive energy
MPRegen  0.11/turn              (no ring)

@: no status effects
A: no striking features
a: Recite, Vitalisation, Donate Gold, Renounce Religion


You were on level 5 of the Dungeon.
You worshipped Zin.
Zin was pleased with you.
You were not hungry.

You visited 2 branches of the dungeon, and saw 6 of its levels.

You collected 380 gold pieces.
You donated 38 gold pieces to Zin.

Inventory:

Hand Weapons
 a - a +0 long sword (weapon)
Armour
 b - a +0 scale mail (worn)
 c - a +0 medium shield (worn)
 g - a +1 cloak (worn)
 j - a +0 pair of gloves (worn)
Jewellery
 m - an amulet of regeneration (around neck)
 r - a ring of positive energy (left hand)
Wands
 d - a wand of scattershot (4)
Scrolls
 k - 4 scrolls of remove curse
 p - a scroll of teleportation
 t - 3 scrolls of blinking
 u - a scroll of amnesia
Potions
 f - 3 potions of curing
 h - a potion of berserk rage
 l - a potion of resistance {unknown}
 q - a potion of ambrosia {unknown}
 s - a potion of cancellation
Comestibles
 e - 5 rations {!d}
 i - a chunk of flesh


   Skills:
 + Level 4.5 Fighting
 + Level 6.2 Long Blades
 + Level 6.1 Armour
 + Level 2.7 Dodging
 + Level 0.9 Stealth
 + Level 5.6 Shields


You had 7 spell levels left.
You didn't know any spells.
Your spell library contained the following spells:

 Spells                   Type           Power        Failure   Level  Hunger
 Static Discharge         Air            #.....       100%        1    None
 Shock                    Conj/Air       #......      100%        2    ####...
 Swiftness                Chrm/Air       #.......     100%        2    ####...
 Mephitic Cloud           Conj/Pois/Air  #.......     100%        3    #####..
 Lightning Bolt           Conj/Air       #.......     100%        4    ######.


Dungeon Overview and Level Annotations

Branches:
Dungeon (5/12)             Temple (1/1) D:4

Altars:
Ashenzari
Cheibriados
Dithmenos
Elyvilon
Fedhas
Gozag
Hepliaklqana
Kikubaaqudgha
Lugonu
Makhleb
Nemelex Xobeh
Okawaru
Ru
Sif Muna
Trog
Uskayaw
Vehumet
Wu Jian
Xom
Yredelemnul
Zin
The Shining One


Message History

You block the troll's attack. x2; The troll claws you but does no damage.
You closely miss the troll.
The troll is almost dead.
You block the troll's attack. The troll barely misses you.
You block the troll's attack.
You closely miss the troll.
The troll is severely wounded.
You block the troll's attack. The troll closely misses you.
The troll barely misses you.
You closely miss the troll.
The troll is severely wounded.
You block the troll's attack. x2; The troll barely misses you.
The troll bites you.
* * * LOW HITPOINT WARNING * * *
The troll claws you but does no damage. The troll claws you!
* * * LOW HITPOINT WARNING * * *
You hit the troll.
The troll is almost dead.
The troll bites you!
You die...

# ..## #.####
##..# .#..# .#..#
...##.#..#
#..#..#..#
#T.#.##..# ##
#@.#.##..# #.
#......>.#### #.
####........#####.
########.......
########


You could see a troll.

Vanquished Creatures
  A yak (D:5)
  A crocodile (D:4)
  An ogre (D:5)
  A centaur (D:4)
  A scorpion (D:4)
  3 orc priests
  3 crimson imps
  2 jellies
  2 hounds (D:4)
  2 orc wizards
  A worker ant (D:4)
  Natasha (twice) (D:3)
  6 adders
  A howler monkey skeleton (D:4)
  An ooze (D:5)
  An adder skeleton (D:4)
  An adder zombie (D:5)
  4 worms
  A dart slug (D:2)
  6 leopard geckos
  13 orcs
  2 bats
  3 giant cockroaches
  7 goblins
  7 hobgoblins
  3 jackals
  2 quokkas (D:2)
  A frilled lizard (D:4)
  5 kobolds
  3 rats
87 creatures vanquished.

Notes
Turn   | Place    | Note
-------+----------+-------------------------------------------
     0 | D:1      | Coyote68 the Human Fighter began the quest for the Orb.
     0 | D:1      | Reached XP level 1. HP: 18/18 MP: 1/1
   137 | D:1      | Reached XP level 2. HP: 24/24 MP: 2/2
   739 | D:2      | Reached XP level 3. HP: 19/29 MP: 3/3
  1078 | D:2      | Reached XP level 4. HP: 23/35 MP: 4/4
  1420 | D:2      | Reached XP level 5. HP: 42/42 MP: 5/5
  2186 | D:3      | Noticed Natasha
  2213 | D:3      | Reached skill level 1 in Dodging
  2213 | D:3      | Reached XP level 6. HP: 33/48 MP: 6/6
  2216 | D:3      | Killed Natasha
  2514 | D:3      | Noticed Natasha
  2528 | D:3      | Killed Natasha
  3033 | D:4      | Reached XP level 7. HP: 27/54 MP: 7/7
  3114 | D:4      | Reached skill level 5 in Long Blades
  3340 | D:4      | Reached skill level 5 in Armour
  3468 | D:4      | Noticed a crocodile
  3534 | D:4      | Killed a crocodile
  3535 | D:4      | Reached skill level 5 in Shields
  3535 | D:4      | Reached XP level 8. HP: 7/60 MP: 8/8
  3989 | D:4      | Found a staircase to the Ecumenical Temple.
  3995 | Temple   | Entered the Ecumenical Temple
  4180 | Temple   | Became a worshipper of Zin the Law-Giver
  4180 | Temple   | Reached * piety under Zin
  4442 | D:5      | Entered Level 5 of the Dungeon
  4442 | D:5      | Found a blossoming altar of Fedhas.
  4449 | D:5      | Noticed a yak
  4464 | D:5      | Killed a yak
  4614 | D:5      | Reached ** piety under Zin
  4854 | D:5      | Noticed a troll
  4875 | D:5      | Slain by a troll

Skill      XL: |  1  2  3  4  5  6  7  8 |
---------------+-------------------------+-----
Long Blades    | 3 4 5 6 |  6.2
Shields        | 4 5 |  5.6
Fighting       | 4 |  4.5
Dodging        | 1 2 |  2.7
Armour         | 4 5 6 |  6.1
Stealth        | |  0.9

Action                   |  1- 3 |  4- 6 |  7- 9 || total
-------------------------+-------+-------+-------++-------
Melee: Long sword        |   121 |   191 |   189 ||   501
  Use: Scroll            |     6 |     6 |     3 ||    15
       Potion            |       |       |     2 ||     2
  Eat: Chunk             |     4 |     8 |     2 ||    14
       Ration            |       |     2 |     2 ||     4
Armor: Scale mail        |    58 |    83 |    73 ||   214
Dodge: Dodged            |    24 |    33 |    41 ||    98
Block: Medium shield     |    57 |    75 |   125 ||   257
